 Dungeon Crawl Stone Soup version 0.19.4 (webtiles) character file.

109 esteth the Chopper (level 4, -5/40 HPs)
             Began as a Deep Dwarf Fighter on Feb 3, 2017.
             Slain by Azzok's ghost (14 damage)
             ... on level 3 of the Dungeon.
             The game lasted 00:03:18 (1262 turns).

esteth the Chopper (Deep Dwarf Fighter)             Turns: 1262, Time: 00:03:18

Health: -5/40      AC:  6    Str: 24    XL:     4   Next: 59%
Magic:  4/4        EV: 12    Int:  9    God:
Gold:   168        SH: 10    Dex: 18    Spells: 0 memorised, 3 levels left

rFire  . . .     SeeInvis .     a - +0 war axe
rCold  . . .     Gourm    .     b - +0 scale mail
rNeg   . . .     Faith    .     c - +0 shield
rPois  .         Spirit   .     (no helmet)
rElec  .         Reflect  .     (no cloak)
rCorr  +         Harm     .     (no gloves)
MR     .....                    (no boots)
Stlth  +.........               (no amulet)
                                (no ring)
                                q - ring of resist corrosion

@: mighty, agile, non-regenerating
A: damage resistance, recharge devices, sense surroundings 1, slow regeneration
3
a: Device Recharging


You were on level 3 of the Dungeon.
You were hungry.

You visited 1 branch of the dungeon, and saw 3 of its levels.

You collected 168 gold pieces.

Inventory:

Hand Weapons
 a - a +0 war axe (weapon)
Armour
 b - a +0 scale mail (worn)
 c - a +0 shield (worn)
Jewellery
 q - a ring of resist corrosion (left hand)
 u - an uncursed ring of see invisible {unknown}
 x - an uncursed amulet of faith {unknown}
Wands
 e - a wand of heal wounds (3/9)
Scrolls
 j - a scroll of magic mapping {unknown}
 k - 2 scrolls of teleportation {unknown}
 l - 2 scrolls of enchant weapon {unknown}
 m - 2 scrolls of recharging {unknown}
 n - 2 scrolls of amnesia {unknown}
 r - a scroll of identify {unknown}
 y - a scroll of remove curse {unknown}
Potions
 h - a potion of brilliance {unknown}
 o - a potion of cancellation {unknown}
 v - a potion of degeneration {unknown}
 w - a potion of heal wounds {unknown}
 z - a potion of mutation {unknown}
Comestibles
 f - 2 bread rations
 i - 11 chunks of flesh
 p - 6 fruits
 s - a meat ration
 t - a beef jerky


   Skills:
 - Level 2.6 Fighting
 + Level 5.4 Axes
 - Level 3.2 Armour
 - Level 3.2 Shields


You had 3 spell levels left.
You didn't know any spells.

Dungeon Overview and Level Annotations

Branches:
Dungeon (3/15)

Altars:
Okawaru

Annotations:
D:3 Azzok's ghost, amateur MiMo


Innate Abilities, Weirdness & Mutations

You are resistant to damage.
You can recharge devices by infusing magical energy.
You passively map a small area around you.
You do not regenerate.


Message History

Azzok's ghost is heavily damaged.
Azzok's ghost hits you.
* * * LOW HITPOINT WARNING * * *
You hit Azzok's ghost but do no damage.
Azzok's ghost is heavily damaged.
Azzok's ghost barely misses you.
You slice Azzok's ghost!!
Azzok's ghost is almost destroyed.
Azzok's ghost barely misses you. Azzok's ghost hits you!
* * * LOW HITPOINT WARNING * * *
You slash Azzok's ghost!
Azzok's ghost is almost destroyed.
Azzok's ghost misses you.
You hit Azzok's ghost.
Azzok's ghost is almost destroyed.
You block Azzok's ghost's attack.
You barely miss Azzok's ghost.
Azzok's ghost is almost destroyed.
Azzok's ghost hits you!
You die...

.....#* ..., .....##
* #...####.# ** .....
#........# ....W ,
#####..####.# ..., ,
[.......###.## ,... *
#####........####.#.#
* ##............#.# *
* ##.###>.######.#
#.# #.....@W..# * #.#
#.######### ##.###.#
* ######......# * *
....(...##### , , *
#######..# * * ****
##.# * #.# #.# * ,*


You could see Azzok's ghost.

Vanquished Creatures
  6 adders
  An ooze (D:2)
  2 worms
  2 dart slugs (D:2)
  A leopard gecko (D:2)
  An orc (D:3)
  2 bats
  2 giant cockroaches (D:2)
  3 goblins
  5 hobgoblins
  A quokka (D:3)
  A ball python (D:2)
  3 frilled lizards
  7 kobolds
  6 rats
43 creatures vanquished.

Notes
Turn   | Place    | Note
-------+----------+-------------------------------------------
     0 | D:1      | esteth the Deep Dwarf Fighter began the quest for the Orb.
     0 | D:1      | Reached XP level 1. HP: 20/20 MP: 1/1
   173 | D:1      | Reached skill level 3 in Axes
   219 | D:1      | Reached XP level 2. HP: 20/27 MP: 2/2
   603 | D:2      | Reached XP level 3. HP: 23/33 MP: 3/3
   608 | D:2      | Reached skill level 4 in Axes
   609 | D:2      | Found an iron altar of Okawaru.
   825 | D:2      | Reached XP level 4. HP: 23/40 MP: 4/4
  1042 | D:3      | Reached skill level 5 in Axes
  1240 | D:3      | Noticed Azzok's ghost (amateur MiMo)
  1262 | D:3      | Slain by Azzok's ghost

Skill      XL: |  1  2  3  4 |
---------------+-------------+-----
Axes           | 3 4 5 |  5.4
Fighting       | |  2.6
Armour         | |  3.2
Shields        | |  3.2

Action                   |  1- 3 |  4- 6 || total
-------------------------+-------+-------++-------
Melee: War axe           |    90 |    78 ||   168
Evoke: Wand              |       |     2 ||     2
  Use: Potion            |       |     2 ||     2
  Eat: Chunk             |       |     1 ||     1
Armor: Scale mail        |    42 |    24 ||    66
Dodge: Dodged            |    29 |    24 ||    53
Block: Shield            |    50 |    40 ||    90
